PL
BROOKLYN DODGERS @ WIZARDING EXPRESS
07/27/2029
 
TOP OF THE 1ST
Brooklyn Dodgers batting - Pitching for Wizarding Express : RHP Ralph McKinney
Pitching: RHP Ralph McKinney
Batting: LHB Ki-tak Im 0-0: Bunt for hit - play at first, batter OUT! 3-4
Batting: LHB Mysterious Walker 0-0: SOLO HOME RUN (Flyball, 89XD), Distance : 387 ft
Batting: LHB Jérôme Masson 0-0: Ball
1-0: Ball
2-0: SOLO HOME RUN (Flyball, 9D), Distance : 339 ft
Batting: LHB Manuel Carmona 0-0: Ground out 4-3 (Groundball, 34)
Batting: RHB Brent Ryan 0-0: Swinging Strike
0-1: Ball
1-1: Foul Ball, location: 2F
1-2: Ball
2-2: Ball
3-2: Foul Ball, location: 2F
3-2: Base on Balls
Batting: RHB Ulbert Sutkamp 0-0: Called Strike
0-1: Called Strike
0-2: Foul Ball, location: 2F
0-2: Ball
1-2: Fly out, F8 (Flyball, 8RXD)
Top of the 1st over - 2 runs, 2 hits, 0 errors, 1 left on base; Brooklyn 2 - Wizarding 0
BOTTOM OF THE 1ST
Wizarding Express batting - Pitching for Brooklyn Dodgers : RHP Víctor García
Pitching: RHP Víctor García
Batting: LHB José Corona 0-0: Ball
1-0: Ball
2-0: Foul Ball, location: 2F
2-1: Foul Ball, location: 2F
2-2: Ground out 3-1 (Groundball, 34)
Batting: SHB Salvador Trevino 0-0: Swinging Strike
0-1: Ball
1-1: Foul Ball, location: 2F
1-2: SINGLE (Groundball, 34D)
Batting: RHB António Martínez 0-0: Called Strike
0-1: Called Strike
0-2: Strikes out swinging
Batting: LHB Nathan Tanner 0-0: Ball
1-0: Fly out, F7 (Flyball, 78S)
Bottom of the 1st over - 0 runs, 1 hit, 0 errors, 1 left on base; Brooklyn 2 - Wizarding 0
TOP OF THE 2ND
Brooklyn Dodgers batting - Pitching for Wizarding Express : RHP Ralph McKinney
Batting: SHB Juan Rivas 0-0: Called Strike
0-1: Ball
1-1: SINGLE (Line Drive, 4M)
Batting: RHB Chandler Bailey 0-0: Fly out, F6 (Popup, P)
Batting: RHB Vincent Crane 0-0: Foul Ball, location: 2F
0-1: Swinging Strike
0-2: Ball
1-2: Ball
2-2: Strikes out looking
Batting: LHB Ki-tak Im 0-0: Called Strike
0-1: Ball
1-1: Swinging Strike
1-2: Foul Ball, location: 2F
1-2: Ground out 1-3 (Groundball, 13)
Top of the 2nd over - 0 runs, 1 hit, 0 errors, 1 left on base; Brooklyn 2 - Wizarding 0
BOTTOM OF THE 2ND
Wizarding Express batting - Pitching for Brooklyn Dodgers : RHP Víctor García
Batting: SHB Fernando Sánchez 0-0: Ball
1-0: Foul Ball, location: 2F
1-1: Ball
2-1: Ball
3-1: Foul Ball, location: 2F
3-2: Strikes out swinging
Batting: LHB David Breitling 0-0: Fly out, F4 (Flyball, 3D)
Batting: RHB Ralph Cranford 0-0: Ball
1-0: Ball
2-0: Foul Ball, location: 2F
2-1: Fly out, F7 (Flyball, 7S)
Bottom of the 2nd over - 0 runs, 0 hits, 0 errors, 0 left on base; Brooklyn 2 - Wizarding 0
TOP OF THE 3RD
Brooklyn Dodgers batting - Pitching for Wizarding Express : RHP Ralph McKinney
Batting: LHB Mysterious Walker 0-0: Ball
1-0: Ground out 4-3 (Groundball, 34)
Batting: LHB Jérôme Masson 0-0: Ball
1-0: Ball
2-0: SINGLE (Flyball, 7S)
Batting: LHB Manuel Carmona 0-0: Called Strike
Jérôme Masson is caught stealing 2nd base
0-1: Foul Ball, location: 2F
0-2: Ball
1-2: Ball
2-2: Fly out, F9 (Flyball, 9S)
Top of the 3rd over - 0 runs, 1 hit, 0 errors, 0 left on base; Brooklyn 2 - Wizarding 0
BOTTOM OF THE 3RD
Wizarding Express batting - Pitching for Brooklyn Dodgers : RHP Víctor García
Batting: RHB Frank Grimes 0-0: Ball
1-0: Ground out 6-3 (Groundball, 6)
Batting: SHB Jake Richardson 0-0: Ball
1-0: Ground out 4-3 (Groundball, 4)
Batting: LHB José Corona 0-0: Swinging Strike
0-1: Foul Ball, location: 2F
0-2: Strikes out swinging
Bottom of the 3rd over - 0 runs, 0 hits, 0 errors, 0 left on base; Brooklyn 2 - Wizarding 0
TOP OF THE 4TH
Brooklyn Dodgers batting - Pitching for Wizarding Express : RHP Ralph McKinney
Batting: RHB Brent Ryan 0-0: Ball
1-0: Ball
2-0: Fly out, F9 (Flyball, 9D)
Batting: RHB Ulbert Sutkamp 0-0: Swinging Strike
0-1: Called Strike
0-2: Foul Ball, location: 2F
0-2: Foul Ball, location: 2F
0-2: Ball
1-2: Ball
2-2: Strikes out swinging
Batting: SHB Juan Rivas 0-0: Ball
1-0: Ball
2-0: SINGLE (Groundball, 34D)
Batting: RHB Chandler Bailey 0-0: Ball
1-0: Ground out U3 (Groundball, 3)
Top of the 4th over - 0 runs, 1 hit, 0 errors, 1 left on base; Brooklyn 2 - Wizarding 0
BOTTOM OF THE 4TH
Wizarding Express batting - Pitching for Brooklyn Dodgers : RHP Víctor García
Batting: SHB Salvador Trevino 0-0: Ball
1-0: Ball
2-0: Ball
3-0: Called Strike
3-1: Base on Balls
Batting: RHB António Martínez 0-0: Called Strike
0-1: Ball
1-1: Ball
2-1: Ball
3-1: Fly out, F7 (Flyball, 78M)
Batting: LHB Nathan Tanner 0-0: Foul Ball, location: 2F
0-1: Called Strike
0-2: Ground out 6-3 (Groundball, 6MS)
Salvador Trevino to second
Batting: SHB Fernando Sánchez 0-0: Swinging Strike
0-1: Ball
1-1: Foul Ball, location: 2F
1-2: Ball
2-2: Foul Ball, location: 2F
2-2: SINGLE (Groundball, 4MD)
Salvador Trevino to third
Runner from 3rd tries for Home, SAFE, no throw
Batting: LHB David Breitling 0-0: Ball
1-0: Fly out, F5 (Popup, 56)
Bottom of the 4th over - 1 run, 1 hit, 0 errors, 1 left on base; Brooklyn 2 - Wizarding 1
TOP OF THE 5TH
Brooklyn Dodgers batting - Pitching for Wizarding Express : RHP Ralph McKinney
Batting: RHB Vincent Crane 0-0: Ground out 1-3 (Groundball, P)
Batting: LHB Ki-tak Im 0-0: Foul Ball, location: 2F
0-1: Ground out U3 (Groundball, 3)
Batting: LHB Mysterious Walker 0-0: Called Strike
0-1: Ball
1-1: Foul Ball, location: 2F
1-2: Ball
2-2: Ball
3-2: Strikes out looking
Top of the 5th over - 0 runs, 0 hits, 0 errors, 0 left on base; Brooklyn 2 - Wizarding 1
BOTTOM OF THE 5TH
Wizarding Express batting - Pitching for Brooklyn Dodgers : RHP Víctor García
Batting: RHB Ralph Cranford 0-0: Ball
1-0: Called Strike
1-1: Ground out 5-3 (Groundball, 56)
Batting: RHB Frank Grimes 0-0: Foul Ball, location: 2F
0-1: Ball
1-1: Ball
2-1: Swinging Strike
2-2: Ball
3-2: Strikes out swinging
Batting: SHB Jake Richardson 0-0: Ball
1-0: Ball
2-0: Ball
3-0: Base on Balls
Batting: LHB José Corona 0-0: Ball
1-0: Ball
2-0: Called Strike
2-1: Hit by Pitch
Jake Richardson to second
Batting: SHB Salvador Trevino 0-0: Ball
1-0: Ball
2-0: Called Strike
2-1: Ball
3-1: Ground out U3 (Groundball, 3)
Bottom of the 5th over - 0 runs, 0 hits, 0 errors, 2 left on base; Brooklyn 2 - Wizarding 1
TOP OF THE 6TH
Brooklyn Dodgers batting - Pitching for Wizarding Express : RHP Ralph McKinney
Batting: LHB Jérôme Masson 0-0: Fly out, F8 (Flyball, 8LS)
Batting: LHB Manuel Carmona 0-0: Ground out 5-3 (Groundball, 56)
Batting: RHB Brent Ryan 0-0: Ball
1-0: Called Strike
1-1: Ball
2-1: Swinging Strike
2-2: Strikes out swinging
Top of the 6th over - 0 runs, 0 hits, 0 errors, 0 left on base; Brooklyn 2 - Wizarding 1
BOTTOM OF THE 6TH
Wizarding Express batting - Pitching for Brooklyn Dodgers : RHP Víctor García
Batting: RHB António Martínez 0-0: Ball
1-0: Swinging Strike
1-1: Ball
2-1: Ball
3-1: Called Strike
3-2: SOLO HOME RUN (Flyball, 78XD), Distance : 378 ft
Batting: LHB Nathan Tanner 0-0: Foul Ball, location: 2F
0-1: Ground out 3-1 (Groundball, 34)
Batting: SHB Fernando Sánchez 0-0: SINGLE (Line Drive, 4D)
Batting: LHB David Breitling 0-0: Called Strike
0-1: Called Strike
0-2: Ground out U3 (Groundball, 34S)
Fernando Sánchez to second
Batting: RHB Ralph Cranford 0-0: Ball
1-0: Foul Ball, location: 2F
1-1: Ball
2-1: Called Strike
2-2: Ground out 5-3 (Groundball, 56)
Bottom of the 6th over - 1 run, 2 hits, 0 errors, 1 left on base; Brooklyn 2 - Wizarding 2
TOP OF THE 7TH
Brooklyn Dodgers batting - Pitching for Wizarding Express : RHP Ralph McKinney
Batting: RHB Ulbert Sutkamp 0-0: Called Strike
0-1: Fly out, F9 (Flyball, 9S)
Batting: SHB Juan Rivas 0-0: Called Strike
0-1: Swinging Strike
0-2: Fly out, F7 (Line Drive, 78D)
Batting: RHB Chandler Bailey 0-0: Ball
1-0: Ground out 4-3 (Groundball, 4)
Top of the 7th over - 0 runs, 0 hits, 0 errors, 0 left on base; Brooklyn 2 - Wizarding 2
BOTTOM OF THE 7TH
Wizarding Express batting - Pitching for Brooklyn Dodgers : RHP Víctor García
Pitching: RHP John Bailey
Batting: RHB Frank Grimes 0-0: Ball
1-0: Reached on error, E3 (Groundball, 34)
Batting: SHB Jake Richardson 0-0: Called Strike
Throwing error on steal attempt, E2
Frank Grimes to third
0-1: Swinging Strike
0-2: Foul Ball, location: 2F
0-2: Foul Ball, location: 2F
0-2: SINGLE (Line Drive, 34D)
Frank Grimes scores
Batting: LHB José Corona 0-0: Fielders Choice at 2nd, 4-6 (Groundball, 4M)
Batting: SHB Salvador Trevino 0-0: Ball
1-0: Fly out, F8 (Flyball, 8RD)
Batting: RHB António Martínez 0-0: Ball
1-0: Ball
2-0: Ball
3-0: Base on Balls
José Corona to second
Batting: LHB Nathan Tanner 0-0: SINGLE (Flyball, 78M)
José Corona to third
António Martínez to second
Runner from 3rd tries for Home, SAFE, no throw
Batting: SHB Fernando Sánchez 0-0: Ball
1-0: Fly out, F9 (Flyball, 9)
Bottom of the 7th over - 2 runs, 2 hits, 2 errors, 2 left on base; Brooklyn 2 - Wizarding 4
TOP OF THE 8TH
Brooklyn Dodgers batting - Pitching for Wizarding Express : RHP Ralph McKinney
Batting: RHB Vincent Crane 0-0: Ball
1-0: SINGLE (Line Drive, 89S)
Batting: LHB Ki-tak Im 0-0: Fly out, F9 (Flyball, 9S)
Batting: LHB Mysterious Walker 0-0: Called Strike
0-1: SINGLE (Groundball, 3) (infield hit)
Vincent Crane to second
Batting: LHB Jérôme Masson 0-0: Called Strike
0-1: Fly out, F9 (Flyball, 9S)
Batting: LHB Manuel Carmona 0-0: Ball
1-0: Fly out, F5 (Popup, 25F)
Top of the 8th over - 0 runs, 2 hits, 0 errors, 2 left on base; Brooklyn 2 - Wizarding 4
BOTTOM OF THE 8TH
Wizarding Express batting - Pitching for Brooklyn Dodgers : RHP John Bailey
Batting: LHB David Breitling 0-0: Ball
1-0: Ball
2-0: Ball
3-0: Base on Balls
Batting: RHB Ralph Cranford 0-0: Grounds into double play, 5-4-3 (Groundball, 5)
Batting: RHB Frank Grimes 0-0: Ball
1-0: Ball
2-0: Foul Ball, location: 2F
2-1: Ball
3-1: Fly out, F8 (Flyball, 8LD)
Bottom of the 8th over - 0 runs, 0 hits, 0 errors, 0 left on base; Brooklyn 2 - Wizarding 4
TOP OF THE 9TH
Brooklyn Dodgers batting - Pitching for Wizarding Express : RHP Ralph McKinney
Batting: RHB Brent Ryan 0-0: Fly out, F7 (Line Drive, 7D)
Batting: RHB Ulbert Sutkamp 0-0: Fly out, F8 (Flyball, 8LM)
Batting: SHB Juan Rivas 0-0: Ball
1-0: Ball
2-0: Called Strike
2-1: SINGLE (Groundball, 6D)
Pitching: LHP Eijiro Takahashi
Batting: RHB Chandler Bailey 0-0: Ball
1-0: Called Strike
1-1: Ball
2-1: Swinging Strike
2-2: Strikes out swinging
Top of the 9th over - 0 runs, 1 hit, 0 errors, 1 left on base; Brooklyn 2 - Wizarding 4
Tuesday, December 19th, 2017 - OOTP Baseball 18.8 Build 76